Map: Honorgrounds LE

Players

Kelazhur

  • Race: Terran Terran
  • Spawn Location: 1:00

SortOf - Winner!

  • Race: Zerg Zerg
  • Spawn Location: 7:00

Event: WCS Austin 2017

VOD

Have the link to the VOD?

Description

Time

  • Played on: April 28, 2017, 5:12 p.m.
  • Length: 5:46

All games in this series

Show
View Real Time Build Order
Export as new Build Order

Kelazhur Terran 

Build Orders: Reaper Expand 

Get SALT Encoding   

  12  0:01  SCV  
  13  0:14  SCV  
  14  0:18  Supply Depot  
  14  0:26  SCV  
  15  0:40  SCV  
  15  0:42  Barracks  
  16  0:45  Refinery  
  16  0:52  SCV  
  18  1:04  SCV  
  18  1:16  SCV  
  19  1:29  Reaper, Orbital Command  
  20  1:43  Command Center  
  20  1:53  Barracks  
  20  1:57  SCV  
  20  2:01  Barracks Reactor  
  21  2:06  Refinery  
  21  2:09  SCV  
  22  2:15  Supply Depot  
  22  2:21  SCV  
  23  2:28  Factory  
  23  2:37  Marine, SCV  
  23  2:38  Marine  
  23  2:40  Barracks Tech Lab  
  26  2:49  SCV  
  27  2:55  Marine x2  
  29  3:00  Orbital Command  
  29  3:02  SCV  
  30  3:13  Bunker  
  30  3:15  Marauder  
  30  3:17  SCV  
  30  3:19  Marine  
  34  3:23  Marine  
  34  3:26  SCV  
  36  3:31  Stimpack  
  37  3:34  SCV  
  37  3:35  Marine  
  38  3:42  Supply Depot  
  38  3:43  Marine x2  
  38  3:45  SCV  
  41  3:48  Factory Tech Lab  
  41  3:49  SCV  
  42  3:57  SCV  
  42  3:58  Supply Depot, Marine  
  42  4:01  SCV  
  45  4:06  Starport  
  45  4:08  Marine  
  47  4:10  SCV  
  47  4:12  Marine  
  47  4:16  Marine  
  47  4:26  Marine  
  47  4:30  Marine  
  43  4:33  Marine  
  40  4:44  Marine, SCV  
  40  4:47  Marine  
  40  4:48  Siege Tank  
  40  4:53  Bunker, SCV  
  40  4:59  Marine, SCV  
  41  5:02  Marine  
  41  5:05  SCV  
  43  5:11  SCV  
  43  5:14  Marine  
  43  5:17  Marine  
  43  5:18  SCV  
  45  5:25  Starport Reactor  
Show
View Real Time Build Order
Export as new Build Order

SortOf Zerg - Winner!

Build Orders: Pool First 

Get SALT Encoding   

  12  0:00  Drone  
  13  0:13  Overlord  
  13  0:17  Drone  
  14  0:32  Drone x2  
  16  0:36  Drone  
  17  0:45  Extractor  
  17  0:47  Drone  
  17  0:53  Spawning Pool  
  17  0:56  Drone  
  17  1:07  Drone  
  18  1:20  Hatchery  
  18  1:23  Drone  
  18  1:29  Drone  
  19  1:40  Queen  
  19  1:41  Zergling x2  
  22  1:50  Metabolic Boost  
  22  2:00  Roach Warren  
  21  2:01  Drone  
  22  2:09  Overlord  
  22  2:26  Queen, Overlord  
  24  2:43  Roach x2  
  24  2:44  Roach  
  30  2:47  Roach  
  32  2:54  Zergling x4  
  33  3:00  Zergling x4  
  35  3:08  Overlord  
  36  3:12  Zergling x2  
  36  3:13  Zergling x2  
  37  3:24  Zergling x4  
  37  3:25  Zergling x2  
  40  3:28  Zergling x2  
  41  3:37  Zergling x6  
  44  3:47  Zergling x4  
  46  3:50  Ravager  
  46  3:51  Ravager  
  48  3:56  Ravager  
  48  3:57  Overlord  
  48  3:59  Zergling x2  
  48  4:01  Drone  
  51  4:04  Drone  
  48  4:28  Zergling x14  
  46  4:36  Ravager  
  46  4:37  Zergling x6  
  44  4:57  Zergling x10  
  44  4:59  Overlord  
  49  5:13  Zergling x4  
  49  5:14  Zergling x4  
Tags
 
Add a new tag
Caveats
  • Supply blocks, unpowered buildings, or Contaminate may cause inaccurate times.
  • Supply counts are checked every 10 seconds.